 Dungeon Crawl Stone Soup version 0.29.1-1-gd02db6906a (webtiles) character file.

Game seed: 14725575458770579949

1694 mtoz the Thaumaturge (level 9, 67/67 HPs)
             Began as a Gnoll Wanderer on Sept 17, 2022.
             Was a Believer of Qazlal.
             Quit the game on level 5 of the Dungeon on Sept 18, 2022.
             The game lasted 00:49:18 (6517 turns).

mtoz the Thaumaturge (Gnoll Wanderer)               Turns: 6517, Time: 00:49:18

Health: 67/67      AC: 12    Str: 17    XL:     9   Next: 2%
Magic:  21/21      EV:  8    Int: 12    God:    Qazlal [**....]
Gold:   196        SH:  3    Dex: 10    Spells: 24/24 levels left

rFire   + . .      SeeInvis .   n - +5 hand axe of Kismet {elec, *Slow rPois rCorr}
rCold   . . .      Faith    .   (no shield)
rNeg    . . .      Spirit   .   w - +0 chain mail
rPois   +          Reflect  .   (no helmet)
rElec   .          Harm     .   (no cloak)
rCorr   +          Rampage  .   (no gloves)
Will    .....                   R - +0 pair of boots
Stlth   ..........              J - amulet of regeneration
HPRegen 1.01/turn               A - ring of protection from fire
MPRegen 0.17/turn               (no ring)

@: no status effects
A: fangs 1, strong nose, distributed training
a: Renounce Religion, Upheaval


You were on level 5 of the Dungeon.
You worshipped Qazlal.
Qazlal was pleased with you.
You visited 1 branch of the dungeon, and saw 5 of its levels.
You also visited: Sewer.

You collected 196 gold pieces.

Inventory:

Hand Weapons
 a - a +0 dagger
 n - the +5 hand axe of Kismet (weapon) {elec, *Slow rPois rCorr}
   (You found it on level 2 of the Dungeon)

   It occasionally discharges a powerful burst of electricity upon striking a
   foe.
   rPois:     It protects you from poison.
   rCorr:     It protects you from acid and corrosion.
   *Slow:     It may slow you when you take damage.
 x - a +0 trident
 B - a +2 dagger of protection
 C - a +2 short sword of electrocution
 H - a +2 dire flail of holy wrath
Missiles
 b - 19 poisoned darts
 e - 91 stones
 I - 3 boomerangs (quivered)
Armour
 w - a +0 chain mail (worn)
 G - the +0 leather armour of Pandemonium {rF+}
   (You found it on level 4 of the Dungeon)

   rF:        It protects you from fire.
 R - a +0 pair of boots (worn)
 S - a +0 ring mail of cold resistance
Magical Staves
 L - a staff of cold
Jewellery
 h - an amulet of reflection
 A - a ring of protection from fire (left hand)
 J - an amulet of regeneration (around neck)
 K - a ring of poison resistance
 N - a +6 ring of dexterity
Wands
 p - a wand of roots (11)
 y - a wand of polymorph (9)
 D - a wand of mindburst (5)
 E - a wand of light (3)
Scrolls
 c - a scroll of noise {unknown}
 d - a scroll of blinking
 f - 2 scrolls of fear {unknown}
 i - 3 scrolls of acquirement {unknown}
 j - 3 scrolls of identify
 m - 2 scrolls of torment {unknown}
 o - 2 scrolls of fog {unknown}
 t - 2 scrolls of brand weapon {unknown}
 u - 5 scrolls of teleportation {unknown}
 z - a scroll of vulnerability {unknown}
 M - a scroll of amnesia {unknown}
 Q - a scroll of enchant weapon {unknown}
Potions
 g - 2 potions of ambrosia
 k - a potion of brilliance
 l - a potion of resistance
 q - 5 potions of curing
 r - 2 potions of attraction
 s - 2 potions of mutation
 v - 3 potions of lignification
 F - a potion of invisibility {unknown}
 O - 2 potions of heal wounds {unknown}
 P - a potion of might {unknown}


   Skills:
 + Level 4.8 Fighting
 + Level 3.9 Short Blades
 + Level 3.9 Long Blades
 + Level 3.9 Axes
 + Level 3.9 Maces & Flails
 + Level 3.9 Polearms
 + Level 3.9 Staves
 + Level 3.9 Ranged Weapons
 + Level 6.1 Throwing
 + Level 7.7 Armour
 + Level 3.9 Dodging
 + Level 3.9 Stealth
 + Level 3.9 Shields
 + Level 3.9 Unarmed Combat
 + Level 8.2 Spellcasting
 + Level 3.2 Conjurations
 + Level 3.2 Hexes
 + Level 3.2 Summonings
 + Level 3.2 Necromancy
 + Level 3.2 Translocations
 + Level 3.2 Transmutations
 + Level 3.2 Fire Magic
 + Level 3.2 Ice Magic
 + Level 3.2 Air Magic
 + Level 3.2 Earth Magic
 + Level 3.2 Poison Magic
 + Level 4.3 Invocations
 + Level 4.8 Evocations


You had 24 spell levels left.
You didn't know any spells.
Your spell library was empty.

Dungeon Overview and Level Annotations

Branches:
Dungeon (5/15)              Sewer (visited)
 Temple: D:4-7

Altars:
Dithmenos
Hepliaklqana
Makhleb
Qazlal
Ru
Trog
Xom

Shops:
D:1 *   D:3 !


Innate Abilities, Weirdness & Mutations

You have very sharp teeth.
Your uncanny sense of smell can sniff out nearby items.
Your experience applies equally to all skills.


Message History

A hobgoblin and a kobold come into view.
The kobold is wielding a +1 dagger of protection.
The hobgoblin shouts!
The kobold shouts!
Found 5 stones and a runed ring mail.
You hit the kobold.
The kobold is moderately wounded.
The kobold hits you with a +1 dagger of protection.
The kobold barely misses you.
You hit the kobold but do no damage.
The kobold is moderately wounded.
The kobold hits you but does no damage.
You hit the kobold.
You kill the kobold!
Qazlal accepts your kill.
You hit the hobgoblin.
Lightning courses through the hobgoblin!
You kill the hobgoblin!
Qazlal accepts your kill.
No target in view!
e - 86 stones (gained 3)
There is an open door here.
Things that are here:
a +1 dagger of protection; a kobold corpse
e - 91 stones (gained 5)
You see here a +0 ring mail of cold resistance.
S - a +0 ring mail of cold resistance Done exploring.
Search for what [Enter for "."]? .
Done exploring.
Search for what [Enter for "."]? .
There is an open door here.
Things that are here:
a +1 dagger of protection; a kobold corpse Done exploring.
Search for what [Enter for "."]? .
Search for what [Enter for "."]? .
Welcome back, mtoz the Gnoll Wanderer.
Qazlal says: Let the forces of nature tear it all down!
Press ? for a list of commands and other information.
Are you sure you want to abandon this character and quit the game? (Confirm with "yes".)

.......##...##'##.#########)####P
.......##...#..#..#...#..#.))..#.
.......##...#..#..#...#..#..#..#.
..##....#...##'##.#...##'#†.#####
..#####.#....#..#.###'#)..†.'...#
..# #.#....#..#........##'#...#
##### #.....######)#..#'##..#'###
#P8P# ##.>..#...#[.##'#..#..#..#.
#.[.# ###..#...@..#.)#..####..#.
##'## ##.########..#..#..#..#.
#...# #.P......#######[)####.
#...# #...............)))....
#..###############..#..##########
...............††...............#
###############################.#
#.. ###


There were no monsters in sight!

Vanquished Creatures
  6 yaks (D:5)
  Edmund (D:4)
  Pargi (Sewer)
  A gnoll sergeant (D:5)
  A hound (D:4)
  An orc priest (D:4)
  2 iguanas
  An orc wizard (D:3)
  18 gnolls
  9 adders
  3 ufetubi (D:5)
  A worm (D:3)
  2 dart slugs
  The ghost of Turbognida the Sneak, a weakling FeDe (D:5)
  20 orcs
  8 bats
  15 endoplasms
  9 giant cockroaches
  19 goblins
  12 hobgoblins
  2 jackals (D:2)
  12 kobolds
  4 quokkas
  11 ball pythons
  2 frilled lizards
  6 rats
168 creatures vanquished.

Vanquished Creatures (others)
  3 plants
3 creatures vanquished.

Grand Total: 171 creatures vanquished

Notes
Turn   | Place    | Note
-------+----------+-------------------------------------------
     0 | D:1      | mtoz the Gnoll Wanderer began the quest for the Orb.
     0 | D:1      | mtoz set off with the following items: a +0 dagger, 14
                  | poisoned darts, a +2 scale mail, a scroll of blinking.
     0 | D:1      | Reached XP level 1. HP: 17/17 MP: 8/8
   203 | D:1      | Found Waeh's General Store.
   443 | D:1      | Reached XP level 2. HP: 20/23 MP: 10/10
  1095 | D:1      | Reached XP level 3. HP: 28/28 MP: 11/11
  1495 | D:1      | Reached skill level 1 in Invocations
  2031 | D:2      | Identified the +5 hand axe of Kismet {elec, *Slow rPois
                  | rCorr}
  2041 | D:2      | Reached skill level 1 in Short Blades
  2041 | D:2      | Reached skill level 1 in Long Blades
  2041 | D:2      | Reached skill level 1 in Axes
  2041 | D:2      | Reached skill level 1 in Maces & Flails
  2041 | D:2      | Reached skill level 1 in Polearms
  2041 | D:2      | Reached skill level 1 in Staves
  2041 | D:2      | Reached skill level 1 in Ranged Weapons
  2041 | D:2      | Reached skill level 1 in Dodging
  2041 | D:2      | Reached skill level 1 in Stealth
  2041 | D:2      | Reached skill level 1 in Shields
  2041 | D:2      | Reached skill level 1 in Unarmed Combat
  2210 | D:2      | Reached XP level 4. HP: 34/34 MP: 13/13
  2350 | D:2      | Found a faded altar of an unknown god.
  2441 | D:2      | Prayed at the altar of an unknown god.
  2441 | D:2      | Became a worshipper of Qazlal Stormbringer
  2441 | D:2      | Reached * piety under Qazlal
  2582 | D:2      | Reached skill level 1 in Conjurations
  2582 | D:2      | Reached skill level 1 in Hexes
  2582 | D:2      | Reached skill level 1 in Summonings
  2582 | D:2      | Reached skill level 1 in Necromancy
  2582 | D:2      | Reached skill level 1 in Translocations
  2582 | D:2      | Reached skill level 1 in Transmutations
  2582 | D:2      | Reached skill level 1 in Fire Magic
  2582 | D:2      | Reached skill level 1 in Ice Magic
  2582 | D:2      | Reached skill level 1 in Air Magic
  2582 | D:2      | Reached skill level 1 in Earth Magic
  2582 | D:2      | Reached skill level 1 in Poison Magic
  2694 | D:3      | Found Fisijiun's Distillery.
  2924 | D:3      | Reached XP level 5. HP: 36/41 MP: 14/14
  3619 | D:4      | Reached XP level 6. HP: 43/47 MP: 16/16
  3810 | D:4      | Found a glowing drain.
  3818 | Sewer    | Entered a sewer
  3931 | Sewer    | Noticed Pargi
  3944 | Sewer    | Killed Pargi
  3944 | Sewer    | Reached ** piety under Qazlal
  3945 | Sewer    | Reached skill level 5 in Throwing
  4292 | D:4      | Identified the +0 leather armour of Pandemonium {rF+}
  4318 | D:4      | Noticed Edmund
  4327 | D:4      | Killed Edmund
  4328 | D:4      | Reached XP level 7. HP: 18/52 MP: 18/18
  4358 | D:4      | Found a burning altar of Makhleb.
  5222 | D:5      | Entered Level 5 of the Dungeon
  5800 | D:5      | Reached *** piety under Qazlal
  5957 | D:5      | Reached XP level 8. HP: 60/60 MP: 19/19
  6035 | D:5      | Found a shimmering altar of Xom.
  6038 | D:5      | Found a bloodstained altar of Trog.
  6040 | D:5      | Found a shadowy altar of Dithmenos.
  6043 | D:5      | Found a sacrificial altar of Ru.
  6047 | D:5      | Found a hazy altar of Hepliaklqana.
  6268 | D:5      | Noticed a yak
  6269 | D:5      | Noticed a yak
  6270 | D:5      | Noticed a yak
  6271 | D:5      | Noticed a yak
  6272 | D:5      | Killed a yak
  6273 | D:5      | Noticed a yak
  6275 | D:5      | Killed a yak
  6275 | D:5      | Noticed a yak
  6283 | D:5      | Killed a yak
  6284 | D:5      | Reached skill level 8 in Spellcasting
  6286 | D:5      | Killed a yak
  6294 | D:5      | Killed a yak
  6301 | D:5      | Killed a yak
  6302 | D:5      | Reached XP level 9. HP: 22/66 MP: 6/21
  6400 | D:5      | Found a runed translucent door.
  6400 | D:5      | Noticed Turbognida's ghost (weakling FeDe)
  6408 | D:5      | Killed Turbognida's ghost
  6517 | D:5      | Quit the game

Illustrated notes

Levels and vault maps discovered:
D:1:      nagdon_arrival_zigzag_paths, layout_basic, serial_shops,
          nicolae_square_shop, serial_bayou_pond_d, serial_park_tiny_1,
          minivault_11, minmay_small_reverse_x
D:2:      layout_rooms, chequers_ecumenical_altar_lobes
D:3:      layout_rooms, serial_shops, nicolae_shop_window_shopping
D:4:      nicolae_cairo_tiling_large, layout_cave_pods, lemuel_doored_altar,
          portal_sewer_entry_f, nicolae_underground_beach, uniq_edmund
D:5:      corexii_shantytown, layout_basic, minitemple, gammafunk_ghost_grave

Skill      XL: |  1  2  3  4  5  6  7  8 |
---------------+-------------------------+-----
Invocations    | 1 2 3 4 |  4.3
Short Blades   | 1 2 3 |  3.9
Long Blades    | 1 2 3 |  3.9
Axes           | 1 2 3 |  3.9
Maces & Flails | 1 2 3 |  3.9
Polearms       | 1 2 3 |  3.9
Staves         | 1 2 3 |  3.9
Ranged Weapons | 1 2 3 |  3.9
Dodging        | 1 2 3 |  3.9
Stealth        | 1 2 3 |  3.9
Shields        | 1 2 3 |  3.9
Unarmed Combat | 1 2 3 |  3.9
Conjurations   | 1 2 3 |  3.2
Hexes          | 1 2 3 |  3.2
Summonings     | 1 2 3 |  3.2
Necromancy     | 1 2 3 |  3.2
Translocations | 1 2 3 |  3.2
Transmutations | 1 2 3 |  3.2
Fire Magic     | 1 2 3 |  3.2
Ice Magic      | 1 2 3 |  3.2
Air Magic      | 1 2 3 |  3.2
Earth Magic    | 1 2 3 |  3.2
Poison Magic   | 1 2 3 |  3.2
Fighting       | 3 4 |  4.8
Evocations     | 3 4 |  4.8
Throwing       | 5 6 |  6.1
Armour         | 7 |  7.7
Spellcasting   | 8 |  8.2

Action                   |  1- 3 |  4- 6 |  7- 9 || total
-------------------------+-------+-------+-------++-------
Melee: Dagger            |   189 |       |       ||   189
       Bite              |    19 |     7 |    12 ||    38
       Hand axe          |     9 |   102 |   155 ||   266
       Punch             |     1 |       |     1 ||     2
Throw: Dart              |    27 |    27 |     6 ||    60
       Boomerang         |       |       |     2 ||     2
Invok: Upheaval          |       |       |     7 ||     7
Evoke: Wand              |       |     4 |     3 ||     7
  Use: Scroll            |       |     7 |       ||     7
Armor: Scale mail        |   123 |    20 |       ||   143
       Chain mail        |       |    28 |    67 ||    95
Dodge: Dodged            |    88 |    36 |    44 ||   168
Block: Other             |    13 |    28 |    28 ||    69
       Reflection        |     1 |       |       ||     1
